 Dungeon Crawl Stone Soup version 0.27-a0-1278-g6cbc8dfb29 (webtiles) character file.

Game seed: 9626147189300855174

36 porpoise the Skirmisher (level 3, -4/30 HPs)
             Began as a Demonspawn Monk on June 12, 2021.
             Was a Believer of Ru.
             Slain by Robin (9 damage)
             ... on level 2 of the Dungeon.
             The game lasted 00:05:15 (1931 turns).

porpoise the Skirmisher (Demonspawn Monk)           Turns: 1931, Time: 00:05:15

Health: -4/30      AC:  2    Str: 12    XL:     3   Next: 19%
Magic:  3/3        EV: 13    Int: 11    God:    Ru [**....]
Gold:   9          SH:  0    Dex: 17    Spells: 2/2 levels left

rFire    . . .     SeeInvis .   a - +0 spear
rCold    . . .     Faith    .   (shield unavailable)
rNeg     . . .     Spirit   .   b - +0 robe
rPois    .         Reflect  .   (no helmet)
rElec    .         Harm     .   (no cloak)
rCorr    .         Rampage  .   (no gloves)
Will     .....                  (no boots)
Stlth    +++.......             (no amulet)
HPRegen  0.10/turn              (ring unavailable)
MPRegen  0.08/turn              (no ring)

@: no status effects
A: thin skeletal structure 1, foul stench 1, missing a hand
a: Renounce Religion


You were on level 2 of the Dungeon.
You worshipped Ru.
Ru was pleased with you.
You visited 1 branch of the dungeon, and saw 2 of its levels.

You collected 9 gold pieces.

Inventory:

Hand Weapons
 a - a +0 spear (weapon)
 l - a +4 dagger of speed
Missiles
 e - 42 sling bullets
 g - 27 stones (quivered)
 i - 28 arrows
Armour
 b - a +0 robe (worn)
Scrolls
 d - a scroll of magic mapping {unknown}
 f - a scroll of identify {unknown}
 h - 3 scrolls of teleportation {unknown}
Potions
 c - a potion of brilliance {unknown}
 j - 2 potions of curing {unknown}
 k - a potion of ambrosia {unknown}


   Skills:
 + Level 3.7 Fighting
 + Level 3.3 Polearms
 - Level 2.6 Dodging
 - Level 1.7 Stealth


You had 2 spell levels left.
You didn't know any spells.
Your spell library contained the following spells:

 Spells                   Type           Power      Damage    Failure   Level
 Animate Skeleton         Necr           0%         N/A       34%         1
 Apportation              Tloc           0%         N/A       34%         1
 Corona                   Hex            0%         N/A       34%         1
 Summon Small Mammal      Summ           0%         N/A       34%         1


Dungeon Overview and Level Annotations

Branches:
Dungeon (2/15)

Altars:
Ru

Annotations:
D:2 Robin


Innate Abilities, Weirdness & Mutations

You have a somewhat thin skeletal structure. (Dex +2, Stealth+)
You may rarely emit foul miasma when damaged in melee.
You are missing a hand.


Message History

Press: ? - help, Q - select action Shift-Dir - straight line, f/p - Robin
Aim: Robin, wielding a +2 mace of protection, wearing a +1 animal skin and wearing a +0 helmet (68% to hit)
You throw a stone.
The stone hits Robin but does no damage.
Throw: 29 stones
Press: ? - help, Q - select action Shift-Dir - straight line, f/p - Robin
Aim: Robin, wielding a +2 mace of protection, wearing a +1 animal skin and wearing a +0 helmet (68% to hit)
You throw a stone. The stone closely misses Robin.
Unknown command.
Throw: 28 stones
Press: ? - help, Q - select action Shift-Dir - straight line, f/p - Robin
Aim: Robin, wielding a +2 mace of protection, wearing a +1 animal skin and wearing a +0 helmet (68% to hit)
You throw a stone.
The stone hits Robin but does no damage.
You reach to attack!
You hit Robin but do no damage.
Robin drinks a potion.
Robin seems to grow stronger.
You reach to attack!
You closely miss Robin. You hit Robin but do no damage.
Robin hits you with a +2 mace of protection!
You hit Robin but do no damage. Robin closely misses you.
You barely miss Robin. Robin closely misses you.
You hit Robin.
Robin is lightly wounded.
Robin hits you with a +2 mace of protection.
You hit Robin but do no damage.
Robin is lightly wounded.
Robin misses you.
You hit Robin.
Robin is moderately wounded.
Robin hits you with a +2 mace of protection!
* * * LOW HITPOINT WARNING * * *
You hit Robin but do no damage.
Robin is moderately wounded.
You hit Robin but do no damage.
Robin is moderately wounded.
Robin is stunned by your conviction and fails to attack.
You hit Robin but do no damage.
Robin is moderately wounded.
Robin hits you with a +2 mace of protection!
You die...

#.#. .... .
..... ## .....
... .!...= ....
......####...##
.......).......
.>.....@g.(.(((
###############


You could see Robin (strong).

Vanquished Creatures
  A gnoll (D:1)
  2 endoplasms (D:1)
  4 hobgoblins (D:1)
  2 kobolds (D:1)
  A ball python (D:1)
  2 bats (D:1)
  A frilled lizard (D:1)
  10 goblins
  A rat (D:1)
24 creatures vanquished.

Notes
Turn   | Place    | Note
-------+----------+-------------------------------------------
     0 | D:1      | porpoise the Demonspawn Monk began the quest for the Orb.
     0 | D:1      | Reached XP level 1. HP: 18/18 MP: 1/1
   293 | D:1      | Gained mutation: You have a somewhat thin skeletal
                  | structure. (Dex +2, Stealth+) [demonic ancestry]
   293 | D:1      | Reached XP level 2. HP: 18/24 MP: 2/2
   516 | D:1      | Found a faded altar of an unknown god.
   524 | D:1      | Became a worshipper of Ru the Awakened
   543 | D:1      | Gained mutation: You are missing a hand. [Ru sacrifice]
   543 | D:1      | Reached * piety under Ru
   543 | D:1      | Reached ** piety under Ru
  1093 | D:2      | Noticed Robin
  1475 | D:1      | Gained mutation: You may rarely emit foul miasma when
                  | damaged in melee. [demonic ancestry]
  1475 | D:1      | Reached XP level 3. HP: 21/29 MP: 3/3
  1931 | D:2      | Slain by Robin

Illustrated notes

Levels and vault maps discovered:
D:1:      heliophobic_arrival_enchanted_forest, layout_rooms,
          basic_ecumenical_altar, amcnicky_mini_rare_corridor_liquid
D:2:      kb_forest_paths, layout_basic, serial_co_window_serial,
          co_window_corner_a, co_window_paths_a, co_window_paths_a,
          co_window_of_opportunity_a, co_window_paths_a, co_window_corner_b,
          co_window_broadway_b, glass_columns_a, uniq_robin

Skill      XL: |  1 |
---------------+----+-----
Polearms       | 3 |  3.3
Fighting       | |  3.7
Dodging        | |  2.6
Stealth        | |  1.7

Action                   || total
-------------------------++-------
Melee: Spear             ||   100
Throw: Stone             ||     5
Invok: Sacrifice a Hand  ||     1
 Stab: Sleeping          ||     4
       Distracted        ||     1
Armor: Robe              ||    16
Dodge: Dodged            ||    41

Table legend: (Time is in decaauts)
 A = Elapsed time spent in this place.
 B = Non-inter-level travel time spent in this place.
 C = Inter-level travel time spent in this place.
 D = Time resting spent in this place.
 E = Time spent auto-exploring this place.
 F = Levels seen in this place.
 G = Mean time per level.
                   A        B        C        D        E       F      G
               +--------+--------+--------+--------+--------+-----+--------+
         Total |   1928 |   1901 |     27 |   1263 |    373 |   2 |  964.0 |
       Dungeon |   1928 |   1901 |     27 |   1263 |    373 |   2 |  964.0 |
               +--------+--------+--------+--------+--------+-----+--------+

Top non-repeatable levels by time:
     D:1: 1900 daAuts
     D:2: 28 daAuts
